[Event "FRA-ch Youth U20W 2019"]
[Site "Hyeres"]
[Date "2019.04.16"]
[Round "4.1"]
[White "Milroy, Melena"]
[Black "Aouachria, Marwa"]
[Result "0-1"]
[ECO "B23"]
[WhiteElo "1720"]
[BlackElo "1738"]
[Annotator "NA"]
[PlyCount "48"]
[EventDate "2019.04.14"]
[EventType "swiss"]
[EventCountry "FRA"]
[SourceTitle "playchess.com"]
[Source "ChessBase"]
[SourceQuality "1"]
[TimeControl "5400+30"]

1. e4 c5 2. Nc3 Nc6 3. f4 e6 4. Nf3 Nge7 5. d4 cxd4 6. Nxd4 Nxd4 7. Qxd4 Nc6 8. Qf2 d5 9. exd5 exd5 10. Bd3 Bb4 11. Bd2 Qe7+ 12. Kd1 Bg4+ 13. Kc1 O-O-O 14. Qg3 Qd7 15. Nxd5 Bxd2+ 16. Kxd2 Bf5 17. c4 Ne7 18. Rhc1 Kb8 19. Rc3 Nxd5 20. cxd5 Qxd5 21. Kc2 Bxd3+ 22. Rxd3 Qf5 23. Rad1 Rd5 24. Qxg7 Rc8+ 0-1

[Event "FRA-ch Youth U20W 2019"]
[Site "Hyeres"]
[Date "2019.04.16"]
[Round "4.2"]
[White "Pigeat, Typhaine"]
[Black "Aubert, Laurane"]
[Result "0-1"]
[ECO "B40"]
[WhiteElo "1742"]
[BlackElo "1953"]
[Annotator "NA"]
[PlyCount "115"]
[EventDate "2019.04.14"]
[EventType "swiss"]
[EventCountry "FRA"]
[SourceTitle "playchess.com"]
[Source "ChessBase"]
[SourceQuality "1"]
[TimeControl "5400+30"]

1. e4 c5 2. Nf3 e6 3. Nc3 Nc6 4. h3 a6 5. a4 Qc7 6. b3 Nf6 7. Bc4 Be7 8. O-O O-O 9. Re1 d6 10. Bb2 b6 11. Bf1 Bb7 12. d3 d5 13. exd5 exd5 14. Qd2 Rad8 15. Rad1 Bd6 16. Ne2 d4 17. Nh4 Nd5 18. Bc1 Rfe8 19. Nf5 Be5 20. f4 Bf6 21. Neg3 Rf8 22. Ne4 Bc8 23. Nxf6+ Nxf6 24. Nh4 Nd5 25. Qf2 Qd6 26. Bd2 Ncb4 27. Rc1 Na2 28. Ra1 Nac3 29. g3 Bd7 30. Bg2 h6 31. Nf3 Be6 32. Rf1 Rfe8 33. Rae1 b5 34. axb5 axb5 35. Nh2 f6 36. f5 Bf7 37. Rxe8+ Rxe8 38. Re1 Qd7 39. Nf3 Qxf5 40. Rxe8+ Bxe8 41. Qe1 Qd7 42. Kh2 Bf7 43. Nh4 Be6 44. Ng6 Bf7 45. Nf4 Nxf4 46. Bxf4 Nd5 47. Bxd5 Bxd5 48. Qe2 Be6 49. Qg2 Kf7 50. h4 Bg4 51. Qd2 Qe6 52. Kg1 Qa6 53. Qf2 Qa1+ 54. Kg2 Qa8+ 55. Kg1 Qd5 56. Bc1 Qe6 57. Bd2 Ke7 58. b4 0-1

[Event "FRA-ch Youth U20W 2019"]
[Site "Hyeres"]
[Date "2019.04.16"]
[Round "4.3"]
[White "Budak, Lori"]
[Black "Sonet, Sandy"]
[Result "0-1"]
[ECO "B03"]
[WhiteElo "1679"]
[BlackElo "1616"]
[Annotator "NA"]
[PlyCount "78"]
[EventDate "2019.04.14"]
[EventType "swiss"]
[EventCountry "FRA"]
[SourceTitle "playchess.com"]
[Source "ChessBase"]
[SourceQuality "1"]
[TimeControl "5400+30"]

1. e4 Nf6 2. e5 Nd5 3. d4 d6 4. c4 Nb6 5. exd6 cxd6 6. Nc3 g6 7. a4 a5 8. Nf3 Bg7 9. Be2 O-O 10. O-O Nc6 11. Nb5 Bg4 12. h3 Bxf3 13. Bxf3 Nxc4 14. Qd3 Nb6 15. Bd2 d5 16. Bc3 e6 17. b3 Nc8 18. Rac1 N8e7 19. g4 g5 20. Bd1 Ng6 21. Bc2 f5 22. Qe3 Nf4 23. gxf5 exf5 24. Qf3 Qf6 25. Rfe1 Bh6 26. Nc7 Rad8 27. Rcd1 Kh8 28. Re5 g4 29. hxg4 fxg4 30. Qg3 Nh3+ 31. Kg2 Qxf2+ 32. Qxf2 Rxf2+ 33. Kg3 Nxe5 34. dxe5 Rxc2 35. Nb5 Nf2 36. e6+ Kg8 37. Kh4 Nxd1 38. Bf6 Re8 39. e7 Rc6 0-1

[Event "FRA-ch Youth U20W 2019"]
[Site "Hyeres"]
[Date "2019.04.16"]
[Round "4.4"]
[White "Fretel, Liza"]
[Black "Bellahcene, Anissa"]
[Result "1-0"]
[ECO "B23"]
[WhiteElo "1892"]
[BlackElo "1816"]
[Annotator "NA"]
[PlyCount "67"]
[EventDate "2019.04.14"]
[EventType "swiss"]
[EventCountry "FRA"]
[SourceTitle "playchess.com"]
[Source "ChessBase"]
[SourceQuality "1"]
[TimeControl "5400+30"]

1. e4 c5 2. Nc3 Nc6 3. Bb5 e6 4. Bxc6 bxc6 5. e5 Qg5 6. Nf3 Qxg2 7. Rg1 Qh3 8. Rg3 Qh5 9. Rg5 Qh3 10. Qe2 f6 11. Rg3 Qh5 12. d3 Nh6 13. exf6 gxf6 14. Ne4 Be7 15. Rg7 Nf5 16. Rxe7+ Kxe7 17. Bf4 d6 18. O-O-O e5 19. Nxf6 Nd4 20. Nxd4 Qxe2 21. Nxe2 Kxf6 22. Be3 Bg4 23. f3 Bf5 24. Ng3 Rhg8 25. f4 Bg6 26. fxe5+ Kxe5 27. Bg5 Rae8 28. Re1+ Kd5 29. c4+ Kd4 30. Kd2 Bxd3 31. Bf6+ Re5 32. b3 Rf8 33. Re4+ Bxe4 34. Ne2# 1-0

[Event "FRA-ch Youth U20W 2019"]
[Site "Hyeres"]
[Date "2019.04.16"]
[Round "4.5"]
[White "Ranguin, Anna"]
[Black "Guigue, Marie-Celine"]
[Result "1-0"]
[ECO "D17"]
[WhiteElo "1539"]
[BlackElo "1338"]
[Annotator "NA"]
[PlyCount "123"]
[EventDate "2019.04.14"]
[EventType "swiss"]
[EventCountry "FRA"]
[SourceTitle "playchess.com"]
[Source "ChessBase"]
[SourceQuality "1"]
[TimeControl "5400+30"]

1. d4 d5 2. c4 c6 3. Nf3 Nf6 4. Nc3 dxc4 5. a4 Bf5 6. Bf4 e6 7. e3 Bb4 8. Bxc4 Nbd7 9. O-O O-O 10. Qb3 Qb6 11. h3 Nd5 12. Nh4 Nxf4 13. Nxf5 Nxh3+ 14. gxh3 exf5 15. Ne2 Bd6 16. Qc2 g6 17. Kh1 Qd8 18. Rg1 Qh4 19. Qxf5 Nf6 20. Qf3 Qe4 21. Kg2 Qxf3+ 22. Kxf3 Rae8 23. Ng3 Kh8 24. Rae1 Bxg3 25. fxg3 Ne4 26. Kg2 Re7 27. Re2 Rfe8 28. Rge1 Nd6 29. Bd3 Ne4 30. h4 h6 31. Rf1 Kg7 32. Rf4 g5 33. hxg5 hxg5 34. Rxe4 Rxe4 35. Bxe4 Rxe4 36. Kf3 f5 37. Rg2 g4+ 38. Ke2 a6 39. a5 Kf6 40. Rh2 Kg6 41. Rh8 Re7 42. b4 Kf6 43. Kd3 Ke6 44. Rh6+ Kf7 45. Rh7+ Ke6 46. Rxe7+ Kxe7 47. e4 fxe4+ 48. Kxe4 Ke6 49. Kf4 Kd5 50. Kxg4 Kxd4 51. Kf4 Kc4 52. g4 Kxb4 53. g5 c5 54. Ke3 Kxa5 55. Kd3 b5 56. g6 c4+ 57. Kc3 Ka4 58. g7 b4+ 59. Kxc4 b3 60. Kc3 Ka3 61. g8=Q b2 62. Qb3# 1-0

[Event "FRA-ch Youth U20W 2019"]
[Site "Hyeres"]
[Date "2019.04.17"]
[Round "5.1"]
[White "Aouachria, Marwa"]
[Black "Fretel, Liza"]
[Result "1/2-1/2"]
[ECO "B59"]
[WhiteElo "1738"]
[BlackElo "1892"]
[Annotator "NA RC"]
[PlyCount "112"]
[EventDate "2019.04.14"]
[EventType "swiss"]
[EventCountry "FRA"]
[SourceTitle "playchess.com"]
[Source "ChessBase"]
[SourceQuality "1"]
[TimeControl "5400+30"]

1. e4 c5 2. Nf3 Nc6 3. d4 cxd4 4. Nxd4 Nf6 5. Nc3 d6 6. Be2 e5 7. Nb3 Be7 8. Be3 O-O 9. O-O a5 10. a4 Nb4 11. Nd5 Nbxd5 12. exd5 Nd7 13. f4 b6 14. fxe5 dxe5 15. Nd2 Bc5 16. Nc4 Ba6 17. Bxc5 Nxc5 18. Ne3 Qd7 19. Bxa6 Rxa6 20. Nf5 g6 21. Nh6+ Kg7 22. Ng4 f6 23. c4 h5 24. Ne3 f5 25. Qc2 Raa8 26. Nd1 Rac8 27. Nc3 Nb7 28. Qe2 Qd6 29. Nb5 Qc5+ 30. Kh1 Rce8 31. Rf3 Nd6 32. Nxd6 Qxd6 33. Re1 Qb4 34. b3 e4 35. Re3 Qd6 36. Qb2+ Qe5 37. Qxe5+ Rxe5 38. h4 Kf6 39. g3 g5 40. hxg5+ Kxg5 41. Kg2 Rh8 42. Rh1 h4 43. gxh4+ Rxh4 44. Rxh4 Kxh4 45. Rh3+ Kg5 46. Rh8 Kf6 47. Kf2 e3+ 48. Ke2 Ke7 49. Rh5 Kd6 50. Rh6+ Kc7 51. Rf6 Kb7 52. Rf7+ Kc8 53. Rf6 Kc7 54. Rc6+ Kb7 55. Rf6 Kc7 56. Rc6+ Kb7 1/2-1/2

[Event "FRA-ch Youth U20W 2019"]
[Site "Hyeres"]
[Date "2019.04.17"]
[Round "5.2"]
[White "Aubert, Laurane"]
[Black "Sonet, Sandy"]
[Result "1-0"]
[ECO "B03"]
[WhiteElo "1953"]
[BlackElo "1616"]
[Annotator "NA RC"]
[PlyCount "153"]
[EventDate "2019.04.14"]
[EventType "swiss"]
[EventCountry "FRA"]
[SourceTitle "playchess.com"]
[Source "ChessBase"]
[SourceQuality "1"]
[TimeControl "5400+30"]

1. e4 Nf6 2. e5 Nd5 3. d4 d6 4. exd6 cxd6 5. c4 Nb6 6. d5 g6 7. Qd4 f6 8. Nc3 Bg7 9. Nf3 O-O 10. Be2 Na6 11. O-O Qe8 12. Re1 Qf7 13. Bd2 h6 14. Bd1 f5 15. Qd3 Nc5 16. Qe2 Re8 17. Nb5 Na6 18. Nxd6 exd6 19. Qxe8+ Qxe8 20. Rxe8+ Kf7 21. Re2 Nxc4 22. Bc3 Bf8 23. Bb3 Nb6 24. a3 Nc5 25. Ba2 Bd7 26. Nd4 Ne4 27. Ba5 Bg7 28. Rd1 Rc8 29. g3 Nc4 30. Bb4 a5 31. Be1 Ng5 32. h4 Bxd4 33. hxg5 Bg7 34. gxh6 Bxh6 35. Bxc4 Rxc4 36. Bxa5 f4 37. Rde1 Bg5 38. Re4 Rc2 39. Bc3 fxg3 40. fxg3 Bh3 41. R4e2 Rxe2 42. Rxe2 Bf5 43. Kf2 Bd8 44. Bb4 Be7 45. Kf3 b6 46. Re1 Bd7 47. Rc1 Ke8 48. Rc7 Ba4 49. Rb7 b5 50. Ke3 Bb3 51. Rxb5 Bc4 52. Ra5 Kd7 53. Kd4 Bf1 54. b3 Bf6+ 55. Ke3 Be5 56. Kf3 Bd3 57. Bd2 Bc2 58. b4 Bd1+ 59. Kf2 Bb3 60. Bf4 Bd4+ 61. Kf3 Bb6 62. Rb5 Bd1+ 63. Kg2 Bc7 64. Kf2 Ba4 65. Rb7 Bb3 66. Ra7 Bxd5 67. Be3 Kc8 68. b5 Kb8 69. b6 Bd8 70. Rd7 Kc8 71. Rxd6 Be4 72. a4 g5 73. a5 Bb7 74. Rg6 Be4 75. Rg8 Bd5 76. Rg7 g4 77. Rxg4 1-0

[Event "FRA-ch Youth U20W 2019"]
[Site "Hyeres"]
[Date "2019.04.17"]
[Round "5.3"]
[White "Pigeat, Typhaine"]
[Black "Milroy, Melena"]
[Result "1-0"]
[ECO "B01"]
[WhiteElo "1742"]
[BlackElo "1720"]
[Annotator "NA RC"]
[PlyCount "113"]
[EventDate "2019.04.14"]
[EventType "swiss"]
[EventCountry "FRA"]
[SourceTitle "playchess.com"]
[Source "ChessBase"]
[SourceQuality "1"]
[TimeControl "5400+30"]

1. e4 d5 2. exd5 Nf6 3. d4 Bg4 4. Be2 Bxe2 5. Nxe2 Qxd5 6. O-O Nc6 7. Be3 O-O-O 8. c3 h5 9. Qb3 e6 10. Qxd5 Nxd5 11. Nd2 Bd6 12. Ne4 Nce7 13. c4 Nb4 14. c5 Bxh2+ 15. Kxh2 Nf5 16. a3 Nc6 17. Rfd1 Rd7 18. N4g3 Nfe7 19. b4 Rhd8 20. Rdc1 h4 21. Nh5 Nf5 22. Nhf4 Ncxd4 23. Nxd4 Nxd4 24. Bxd4 Rxd4 25. Nh3 f6 26. f4 e5 27. fxe5 fxe5 28. Re1 Re8 29. Rad1 Rc4 30. Re3 a5 31. Rde1 axb4 32. axb4 e4 33. Rb1 Kd7 34. Rb2 Kc6 35. Nf2 Kb5 36. Kh3 g5 37. Kg4 Re5 38. Nh3 Rxb4 39. Rxb4+ Kxb4 40. Nxg5 Kxc5 41. Rxe4 Rxe4+ 42. Nxe4+ Kd4 43. Nd2 b5 44. Kxh4 c5 45. g4 c4 46. g5 c3 47. Nb3+ Kc4 48. Nc1 b4 49. g6 b3 50. g7 b2 51. g8=Q+ Kd4 52. Qg1+ Kc4 53. Qf1+ Kc5 54. Qf2+ Kd5 55. Qc2 bxc1=Q 56. Qxc1 Kc4 57. Qc2 1-0

[Event "FRA-ch Youth U20W 2019"]
[Site "Hyeres"]
[Date "2019.04.17"]
[Round "5.4"]
[White "Ranguin, Anna"]
[Black "Budak, Lori"]
[Result "1-0"]
[ECO "D30"]
[WhiteElo "1539"]
[BlackElo "1679"]
[Annotator "NA RC"]
[PlyCount "65"]
[EventDate "2019.04.14"]
[EventType "swiss"]
[EventCountry "FRA"]
[SourceTitle "playchess.com"]
[Source "ChessBase"]
[SourceQuality "1"]
[TimeControl "5400+30"]

1. d4 d5 2. c4 e6 3. Nf3 Be7 4. Bf4 Nf6 5. e3 O-O 6. Nbd2 c5 7. dxc5 Qa5 8. a3 Qxc5 9. b4 Qc6 10. Ne5 Qe8 11. c5 Nbd7 12. Bb5 a6 13. Qa4 Qd8 14. Rc1 Nxe5 15. Bxe5 Ng4 16. Bb2 Qc7 17. Nf3 e5 18. h3 e4 19. hxg4 exf3 20. gxf3 Bxg4 21. Bd3 Bxf3 22. Rxh7 f6 23. Kd2 a5 24. Rg1 g5 25. Bxf6 Rxf6 26. Rxg5+ Kf8 27. Rh8+ Kf7 28. Rxa8 Be4 29. Qe8+ Ke6 30. Qg8+ Kd7 31. Bb5+ Rc6 32. Bxc6+ Qxc6 33. Qe8+ 1-0

[Event "FRA-ch Youth U20W 2019"]
[Site "Hyeres"]
[Date "2019.04.17"]
[Round "5.5"]
[White "Anastasie, Laure"]
[Black "Fromherz, Audrey"]
[Result "1-0"]
[ECO "B25"]
[WhiteElo "1445"]
[BlackElo "1531"]
[Annotator "NA RC"]
[PlyCount "151"]
[EventDate "2019.04.14"]
[EventType "swiss"]
[EventCountry "FRA"]
[SourceTitle "playchess.com"]
[Source "ChessBase"]
[SourceQuality "1"]
[TimeControl "5400+30"]

1. e4 c5 2. Nc3 Nc6 3. g3 g6 4. Bg2 Bg7 5. d3 e6 6. Be3 d6 7. Nh3 Nge7 8. O-O O-O 9. Qd2 Nd4 10. f4 d5 11. Nd1 c4 12. c3 Ndc6 13. dxc4 dxc4 14. Qe2 b5 15. e5 Bb7 16. a4 a6 17. Ndf2 Nf5 18. Bc5 Re8 19. Ne4 Na5 20. Rfd1 Qc7 21. Bf2 Nb3 22. Ra3 Red8 23. axb5 axb5 24. Rxa8 Bxa8 25. Nhg5 Qe7 26. Bb6 Rb8 27. Bf2 h6 28. Nf3 Rd8 29. Nfd2 Nxd2 30. Rxd2 Bd5 31. Nc5 Bxg2 32. Kxg2 Qc7 33. Ne4 Ra8 34. Nd6 Qc6+ 35. Qf3 Qxf3+ 36. Kxf3 Rb8 37. Nxf5 gxf5 38. Bc5 Bf8 39. Bxf8 Kxf8 40. Rd6 b4 41. Rc6 bxc3 42. bxc3 Rb2 43. h4 Kg7 44. Rxc4 Rb7 45. Rc6 Kg6 46. Rc8 Rd7 47. c4 f6 48. exf6 Kxf6 49. c5 Rd3+ 50. Kg2 Rc3 51. Rc7 h5 52. Rc8 Kg7 53. c6 Kf7 54. c7 Ke7 55. Rh8 Rxc7 56. Rxh5 Kf6 57. Rh6+ Kg7 58. Rxe6 Kf7 59. Rh6 Kg7 60. Rh5 Kg6 61. Rg5+ Kf6 62. h5 Rh7 63. Kf3 Rh6 64. g4 fxg4+ 65. Kxg4 Rh7 66. Rg6+ Kf7 67. Kg5 Rh8 68. h6 Rh7 69. f5 Kf8 70. Rf6+ Kg8 71. Kg6 Rd7 72. Rc6 Rd8 73. f6 Rb8 74. h7+ Kh8 75. Re6 Rf8 76. f7 1-0

[Event "FRA-ch Youth U20W 2019"]
[Site "Hyeres"]
[Date "2019.04.17"]
[Round "5.6"]
[White "Guigue, Marie-Celine"]
[Black "Azan, Sarah"]
[Result "1/2-1/2"]
[ECO "B12"]
[WhiteElo "1338"]
[BlackElo "1349"]
[Annotator "NA RC"]
[PlyCount "84"]
[EventDate "2019.04.14"]
[EventType "swiss"]
[EventCountry "FRA"]
[SourceTitle "playchess.com"]
[Source "ChessBase"]
[SourceQuality "1"]
[TimeControl "5400+30"]

1. e4 c6 2. d4 d5 3. e5 Bf5 4. Nf3 e6 5. Bd3 Bxd3 6. Qxd3 Nd7 7. Be3 c5 8. c3 c4 9. Qc2 Ne7 10. O-O Nf5 11. Re1 Be7 12. Nbd2 O-O 13. h3 b5 14. a3 Re8 15. Nf1 Nxe3 16. Rxe3 g6 17. Re2 Bf8 18. Qd2 Bg7 19. N1h2 Nf8 20. Ng4 h5 21. Nh6+ Bxh6 22. Qxh6 Nh7 23. Qe3 Qe7 24. Ree1 a6 25. Kf1 Qf8 26. Ng5 Nxg5 27. Qxg5 Kh7 28. Re3 Qh6 29. Qxh6+ Kxh6 30. Rf3 Rf8 31. Rf6 Kg5 32. g3 Ra7 33. Kg2 Rh8 34. Kf3 h4 35. g4 Kh6 36. Ke3 Kg5 37. Kf3 Rh7 38. Ke3 Rh8 39. Kf3 Rh7 40. Ke3 Rh8 41. Kf3 Rh7 42. Ke3 Rh8 {[%emt 0:00:10] Ke4 [%clk 0:00:00]} 1/2-1/2

[Event "FRA-ch Youth U20W 2019"]
[Site "Hyeres"]
[Date "2019.04.18"]
[Round "6.1"]
[White "Aubert, Laurane"]
[Black "Aouachria, Marwa"]
[Result "1/2-1/2"]
[ECO "B42"]
[WhiteElo "1953"]
[BlackElo "1738"]
[Annotator "NA"]
[PlyCount "106"]
[EventDate "2019.04.14"]
[EventType "swiss"]
[EventCountry "FRA"]
[SourceTitle "playchess.com"]
[Source "ChessBase"]
[SourceQuality "1"]
[TimeControl "5400+30"]

1. e4 c5 2. Nc3 e6 3. Nge2 a6 4. d4 cxd4 5. Nxd4 d6 6. Be3 Nf6 7. Bd3 Be7 8. O-O Qc7 9. Nb3 b5 10. a3 Bb7 11. Qe2 Nbd7 12. f4 Nc5 13. Nxc5 dxc5 14. e5 Nd5 15. Nxd5 exd5 16. Qg4 g6 17. Rae1 Qd7 18. f5 O-O-O 19. e6 fxe6 20. fxe6 Qc6 21. Rf7 Rde8 22. Bf4 Qb6 23. Kh1 d4 24. c3 h5 25. Qh3 g5 26. Be5 g4 27. Qg3 h4 28. Qf4 Rh5 29. cxd4 h3 30. Rc1 hxg2+ 31. Kg1 Bg5 32. Rxc5+ Qxc5 33. dxc5 Bxf4 34. Bxf4 Rxc5 35. b4 Rc3 36. Bf5 Bd5 37. Bxg4 Bxe6 38. Bxe6+ Rxe6 39. Kxg2 Rxa3 40. Rc7+ Kd8 41. Rc2 Rb3 42. Bc7+ Ke8 43. Ba5 Rg6+ 44. Kf2 Rf6+ 45. Kg2 Rf4 46. Re2+ Kf7 47. Rc2 Rc4 48. Rf2+ Kg6 49. Rd2 Rc6 50. Re2 Rbc3 51. Rf2 Re6 52. Rd2 Rec6 53. Rf2 Ra3 1/2-1/2

[Event "FRA-ch Youth U20W 2019"]
[Site "Hyeres"]
[Date "2019.04.18"]
[Round "6.2"]
[White "Fretel, Liza"]
[Black "Ranguin, Anna"]
[Result "1-0"]
[ECO "A06"]
[WhiteElo "1892"]
[BlackElo "1539"]
[Annotator "NA"]
[PlyCount "67"]
[EventDate "2019.04.14"]
[EventType "swiss"]
[EventCountry "FRA"]
[SourceTitle "playchess.com"]
[Source "ChessBase"]
[SourceQuality "1"]
[TimeControl "5400+30"]

1. e3 d5 2. b3 c5 3. Bb2 Nf6 4. Nf3 Bg4 5. Bb5+ Nc6 6. h3 Bh5 7. g4 Bg6 8. Ne5 Qc7 9. d3 a6 10. Bxc6+ bxc6 11. Nd2 e6 12. h4 Bd6 13. f4 h6 14. Nxg6 fxg6 15. Qe2 Qe7 16. O-O-O e5 17. g5 Nh5 18. Qg4 hxg5 19. hxg5 Rf8 20. Rde1 Kd8 21. fxe5 Bxe5 22. d4 Bd6 23. e4 Rf4 24. Qg2 Qf7 25. Re2 cxd4 26. Bxd4 dxe4 27. Nxe4 Ba3+ 28. Bb2 Bxb2+ 29. Kxb2 Kc7 30. Rd1 Qf8 31. Qg1 a5 32. Nc5 Re8 33. Na6+ Kc8 34. Qa7 1-0

[Event "FRA-ch Youth U20W 2019"]
[Site "Hyeres"]
[Date "2019.04.18"]
[Round "6.3"]
[White "Bellahcene, Anissa"]
[Black "Pigeat, Typhaine"]
[Result "0-1"]
[ECO "B22"]
[WhiteElo "1816"]
[BlackElo "1742"]
[Annotator "NA"]
[PlyCount "58"]
[EventDate "2019.04.14"]
[EventType "swiss"]
[EventCountry "FRA"]
[SourceTitle "playchess.com"]
[Source "ChessBase"]
[SourceQuality "1"]
[TimeControl "5400+30"]

1. e4 c5 2. c3 d5 3. exd5 Qxd5 4. d4 cxd4 5. cxd4 Nc6 6. Nf3 Bg4 7. Be2 e6 8. Nc3 Qd7 9. Be3 Nf6 10. O-O Be7 11. Qb3 Rd8 12. Rfd1 Nd5 13. Ne5 Nxe5 14. dxe5 Bxe2 15. Nxe2 b6 16. Rac1 Qb7 17. Qa4+ Rd7 18. Rd3 O-O 19. Qg4 Nxe3 20. Rxe3 Rfd8 21. Nf4 Rd4 22. h4 Qd7 23. Rce1 Qa4 24. Rf3 Rc8 25. Qg3 Qb4 26. Rc3 Rcd8 27. Nd3 Rxd3 28. Re3 Rxc3 29. Rxc3 Rd1+ 0-1

[Event "FRA-ch Youth U20W 2019"]
[Site "Hyeres"]
[Date "2019.04.18"]
[Round "6.5"]
[White "Budak, Lori"]
[Black "Guigue, Marie-Celine"]
[Result "0-1"]
[ECO "B03"]
[WhiteElo "1679"]
[BlackElo "1338"]
[Annotator "NA"]
[PlyCount "64"]
[EventDate "2019.04.14"]
[EventType "swiss"]
[EventCountry "FRA"]
[SourceTitle "playchess.com"]
[Source "ChessBase"]
[SourceQuality "1"]
[TimeControl "5400+30"]

1. e4 Nf6 2. e5 Nd5 3. c4 Nb6 4. d4 d6 5. exd6 cxd6 6. d5 g6 7. Qd4 e5 8. dxe6 f6 9. Nc3 Bxe6 10. Qe4 Qe7 11. Nb5 Kf7 12. Bf4 d5 13. Qe3 Qb4+ 14. Qd2 Nc6 15. Rc1 dxc4 16. Nc7 Rd8 17. Qc3 Na4 18. Qxb4 Bxb4+ 19. Ke2 Nd4+ 20. Ke3 Nf5+ 21. Kf3 Nxb2 22. Nxe6 Kxe6 23. Bxc4+ Nxc4 24. Rxc4 Bd6 25. Nh3 g5 26. Re4+ Kf7 27. Bxd6 Rxd6 28. Rhe1 Rd3+ 29. Kg4 Kg6 30. Nf4+ gxf4 31. Kxf4 Rd2 32. g4 Rxf2# 0-1

[Event "FRA-ch Youth U20W 2019"]
[Site "Hyeres"]
[Date "2019.04.18"]
[Round "6.6"]
[White "Azan, Sarah"]
[Black "Fromherz, Audrey"]
[Result "0-1"]
[ECO "B50"]
[WhiteElo "1349"]
[BlackElo "1531"]
[Annotator "NA"]
[PlyCount "81"]
[EventDate "2019.04.14"]
[EventType "swiss"]
[EventCountry "FRA"]
[SourceTitle "playchess.com"]
[Source "ChessBase"]
[SourceQuality "1"]
[TimeControl "5400+30"]

1. e4 c5 2. Nf3 d6 3. c3 Nf6 4. h3 g6 5. Bd3 Bg7 6. Bc2 O-O 7. O-O Nc6 8. a3 Bd7 9. Re1 b5 10. d4 cxd4 11. cxd4 Rc8 12. b4 a5 13. Bd2 Qc7 14. Ra2 axb4 15. Bxb4 Nxb4 16. axb4 Ra8 17. Rxa8 Rxa8 18. Bb3 e6 19. e5 Nd5 20. Qd2 Rc8 21. Bxd5 exd5 22. Qg5 Bf5 23. Nh4 Bxb1 24. Rxb1 dxe5 25. dxe5 Qxe5 26. Qg4 Rc4 27. Nf3 Qd6 28. Qg5 Rxb4 29. Rxb4 Qxb4 30. Qxd5 Qb1+ 31. Kh2 b4 32. Ng5 Qf5 33. Qd8+ Bf8 34. Nxh7 Kxh7 35. Qxf8 b3 36. Qb4 Qc2 37. Qh4+ Kg7 38. Qd4+ f6 39. g4 b2 40. g5 Qc7+ 41. Qf4 0-1

[Event "FRA-ch Youth U20W 2019"]
[Site "Hyeres"]
[Date "2019.04.19"]
[Round "7.1"]
[White "Aouachria, Marwa"]
[Black "Sonet, Sandy"]
[Result "1-0"]
[ECO "B03"]
[WhiteElo "1738"]
[BlackElo "1616"]
[Annotator "NA"]
[PlyCount "71"]
[EventDate "2019.04.14"]
[EventType "swiss"]
[EventCountry "FRA"]
[SourceTitle "playchess.com"]
[Source "ChessBase"]
[SourceQuality "1"]
[TimeControl "5400+30"]

1. e4 Nf6 2. e5 Nd5 3. d4 d6 4. Bc4 Nb6 5. Bb3 dxe5 6. Qh5 e6 7. dxe5 a5 8. a4 Na6 9. Be3 Nc5 10. Bxc5 Bxc5 11. Nf3 g6 12. Qg4 O-O 13. h4 h5 14. Qf4 Nd5 15. Qh6 Be7 16. g4 Re8 17. gxh5 Bf8 18. Qd2 Ne7 19. Qe2 Bh6 20. Rg1 Kh8 21. Ng5 Bxg5 22. Rxg5 Qd4 23. hxg6 fxg6 24. Nc3 Qxh4 25. Rg1 Qf4 26. Rg4 Qh6 27. Qe4 Kg7 28. f4 Nf5 29. O-O-O Qh8 30. Rdg1 Qh7 31. Rxg6+ Qxg6 32. Rxg6+ Kxg6 33. Qg2+ Kf7 34. Qg5 Kf8 35. Qf6+ Kg8 36. Qxf5 1-0

[Event "FRA-ch Youth U20W 2019"]
[Site "Hyeres"]
[Date "2019.04.19"]
[Round "7.2"]
[White "Fretel, Liza"]
[Black "Aubert, Laurane"]
[Result "1/2-1/2"]
[ECO "B23"]
[WhiteElo "1892"]
[BlackElo "1953"]
[Annotator "NA"]
[PlyCount "204"]
[EventDate "2019.04.14"]
[EventType "swiss"]
[EventCountry "FRA"]
[SourceTitle "playchess.com"]
[Source "ChessBase"]
[SourceQuality "1"]
[TimeControl "5400+30"]

1. e4 c5 2. Nc3 Nc6 3. Bb5 Nd4 4. Bc4 e6 5. Nge2 a6 6. a4 g6 7. O-O Bg7 8. Nxd4 cxd4 9. Ne2 Ne7 10. Nf4 O-O 11. d3 d5 12. exd5 e5 13. Ne2 Nxd5 14. Ng3 Be6 15. Ne4 Nc7 16. Bxe6 Nxe6 17. a5 Rc8 18. Nd2 Nf4 19. Nc4 Nd5 20. Bd2 Re8 21. f3 Qc7 22. Qb1 Qc6 23. Qa2 Rc7 24. Qa4 Qe6 25. Rae1 Rce7 26. Bb4 Nxb4 27. Qxb4 Qd7 28. Re2 Re6 29. Rfe1 Qc7 30. Qa4 Bf8 31. Kh1 Bh6 32. Re4 Kg7 33. g3 Kg8 34. Kg2 R8e7 35. R4e2 Kf8 36. h4 Qc5 37. Qa3 Qd5 38. Nb6 Qd8 39. Rxe5 Kg8 40. Rxe6 fxe6 41. Nc4 Qc7 42. Re4 Bg7 43. Qd6 Qxd6 44. Nxd6 e5 45. f4 Kf8 46. fxe5 Bxe5 47. Nc4 Bf6 48. Rxe7 Kxe7 49. Kf3 Kd7 50. Ke4 Kc6 51. Ne5+ Kd6 52. Nf3 Kc5 53. Nd2 Bg7 54. Nb3+ Kb4 55. Kd5 h6 56. Nc5 Kxa5 57. Nxb7+ Kb6 58. Nc5 g5 59. hxg5 hxg5 60. Ne6 Bf6 61. Nxd4 a5 62. c3 g4 63. Nc2 Bg5 64. Na3 Bc1 65. Nc4+ Kb5 66. Ke4 a4 67. Na3+ Kc6 68. Nc2 Bxb2 69. Nb4+ Kb5 70. Na2 a3 71. Kd4 Ba1 72. Kd5 Bb2 73. d4 Bxc3 74. Nxc3+ Kb4 75. Na2+ Kb3 76. Ke4 Kxa2 77. d5 Kb3 78. d6 a2 79. d7 a1=Q 80. d8=Q Qh1+ 81. Ke5 Qf3 82. Qb6+ Kc2 83. Qc5+ Kd2 84. Qb4+ Ke3 85. Qd4+ Ke2 86. Qf4 Kf2 87. Kf5 Kg2 88. Kg5 Kh3 89. Qc1 Kxg3 90. Qc7+ Kg2 91. Qc2+ Kf1 92. Qc1+ Kf2 93. Qc2+ Ke3 94. Qc3+ Kf2 95. Qc2+ Kg1 96. Qc1+ Kh2 97. Qc2+ Kh3 98. Qh7+ Kg2 99. Qc2+ Kh1 100. Qc1+ Kh2 101. Qc2+ Kg3 102. Qc7+ Kf2 1/2-1/2

[Event "FRA-ch Youth U20W 2019"]
[Site "Hyeres"]
[Date "2019.04.19"]
[Round "7.3"]
[White "Pigeat, Typhaine"]
[Black "Ranguin, Anna"]
[Result "1-0"]
[ECO "B50"]
[WhiteElo "1742"]
[BlackElo "1539"]
[Annotator "NA"]
[PlyCount "87"]
[EventDate "2019.04.14"]
[EventType "swiss"]
[EventCountry "FRA"]
[SourceTitle "playchess.com"]
[Source "ChessBase"]
[SourceQuality "1"]
[TimeControl "5400+30"]

1. e4 c5 2. Nf3 d6 3. c3 e5 4. h3 Nf6 5. Na3 Nc6 6. Bd3 a6 7. Qe2 b5 8. Bc2 Be7 9. d3 h6 10. O-O O-O 11. Be3 Qc7 12. Rac1 Bb7 13. Nh2 d5 14. Ng4 d4 15. Nxf6+ Bxf6 16. cxd4 Nxd4 17. Bxd4 cxd4 18. Bb3 Qd6 19. Rc2 Bg5 20. g3 Qg6 21. Rc7 Bc8 22. Kh2 h5 23. Bd5 Rb8 24. Rc6 Qh7 25. f4 exf4 26. gxf4 Bh6 27. Qf2 Bb7 28. Rd6 Bxd5 29. Rxd5 Qg6 30. Rg1 Qf6 31. Rf5 Qd6 32. e5 Qe6 33. Rxh5 Rfd8 34. Qh4 Kf8 35. Qg3 Qxa2 36. Rg2 Rbc8 37. f5 f6 38. exf6 Qf7 39. fxg7+ Bxg7 40. Rg5 Rc7 41. f6 Rdc8 42. Rxg7 Qxg7 43. fxg7+ Kg8 44. Qe5 1-0

[Event "FRA-ch Youth U20W 2019"]
[Site "Hyeres"]
[Date "2019.04.19"]
[Round "7.5"]
[White "Azan, Sarah"]
[Black "Bellahcene, Anissa"]
[Result "0-1"]
[ECO "C55"]
[WhiteElo "1349"]
[BlackElo "1816"]
[Annotator "NA"]
[PlyCount "66"]
[EventDate "2019.04.14"]
[EventType "swiss"]
[EventCountry "FRA"]
[SourceTitle "playchess.com"]
[Source "ChessBase"]
[SourceQuality "1"]
[TimeControl "5400+30"]

1. e4 e5 2. Bc4 Nf6 3. d3 Nc6 4. Nc3 d6 5. h3 Be7 6. Nf3 O-O 7. Be3 Na5 8. Bb3 Nxb3 9. axb3 h6 10. O-O Nh7 11. Nh2 Bg5 12. f4 exf4 13. Bxf4 Bxf4 14. Rxf4 Ng5 15. Qh5 Ne6 16. Rf2 Qg5 17. Qd1 Nf4 18. Nf3 Qg3 19. Kf1 Nxg2 20. Ne2 Ne3+ 21. Ke1 Qxf2+ 22. Kxf2 Nxd1+ 23. Rxd1 Bxh3 24. Rg1 f5 25. exf5 Bxf5 26. Ke1 Bxd3 27. cxd3 Rxf3 28. Kd2 Re8 29. Nc1 c5 30. Rg6 Rf6 31. Rg4 d5 32. Kc2 Rf2+ 33. Kb1 Re1 0-1